 Dungeon Crawl Stone Soup version 0.27-a0-1281-ge233d83751 (webtiles) character file.

Game seed: 7572623915772704057

126 zezblit the Chopper (level 4, -2/35 HPs)
             Began as a Demonspawn Abyssal Knight on June 13, 2021.
             Was a Believer of Lugonu.
             Slain by a phantom (6 damage)
             ... on level 3 of the Dungeon.
             The game lasted 00:12:59 (3242 turns).

zezblit the Chopper (Demonspawn Abyssal Knight)     Turns: 3242, Time: 00:12:59

Health: -2/35      AC: 11    Str: 13    XL:     4   Next: 84%
Magic:  6/6        EV:  3    Int: 14    God:    Lugonu [**....]
Gold:   87         SH:  0    Dex: 12    Spells: 3/3 levels left

rFire    . . .     SeeInvis .   a - +1 hand axe
rCold    . . .     Faith    .   (no shield)
rNeg     . . .     Spirit   .   f - +0 plate armour
rPois    .         Reflect  .   (no helmet)
rElec    .         Harm     .   (no cloak)
rCorr    .         Rampage  .   (no gloves)
Will     .....                  (no boots)
Stlth    ..........             (no amulet)
HPRegen  0.11/turn              (no ring)
MPRegen  0.20/turn              (no ring)

@: about to teleport
A: hooves 1, foul stench 1, magic regeneration
a: Renounce Religion, Depart the Abyss, Bend Space


You were on level 3 of the Dungeon.
You worshipped Lugonu.
Lugonu was pleased with you.
You visited 1 branch of the dungeon, and saw 3 of its levels.
You visited the Abyss 1 time.

You collected 87 gold pieces.

Inventory:

Hand Weapons
 a - a +1 hand axe (weapon)
 p - a +0 flail
Missiles
 o - a throwing net
Armour
 b - a +0 leather armour
 f - a +0 plate armour (worn)
Magical Staves
 d - a staff of conjuration
Jewellery
 e - a ring of fire
Potions
 c - a potion of might {unknown}
 g - a potion of haste {unknown}
 j - a potion of curing {unknown}
 l - a potion of attraction {unknown}
 n - a potion of berserk rage {unknown}


   Skills:
 + Level 3.4 Fighting
 + Level 3.6 Axes
 + Level 2.2 Armour
 + Level 1.0 Dodging
 + Level 0.7 Stealth
 + Level 2.9 Invocations


You had 3 spell levels left.
You didn't know any spells.
Your spell library contained the following spells:

 Spells                   Type           Power      Damage    Failure   Level
 Beastly Appendage        Tmut           0%         N/A       100%        1
 Summon Small Mammal      Summ           0%         N/A       100%        1
 Call Imp                 Summ           0%         N/A       100%        2
 Wereblood                Tmut           0%         N/A       100%        2
 Call Canine Familiar     Summ           0%         N/A       100%        3
 Spider Form              Tmut/Pois      0%         N/A       100%        3
 Summon Guardian Golem    Hex/Summ       0%         N/A       100%        3
 Ice Form                 Ice/Tmut       0%         N/A       100%        4
 Summon Ice Beast         Ice/Summ       0%         N/A       100%        4
 Summon Lightning Spire   Summ/Air       0%         N/A       100%        4


Dungeon Overview and Level Annotations

Branches:
Dungeon (3/15)

Altars:


Innate Abilities, Weirdness & Mutations

You have large cloven feet.
You may rarely emit foul miasma when damaged in melee.
You regenerate magic rapidly.


Message History

a jackal corpse; a hobgoblin corpse You hit the phantom.
The phantom is moderately damaged.
The phantom completely misses you.
You hit the phantom.
The phantom is heavily damaged.
The phantom hits you.
The phantom blinks!
You blink.
You completely miss the phantom. Your kick misses the phantom.
The phantom is heavily damaged.
The phantom barely misses you.
Your plate armour prevents you from hitting the phantom.
Your kick misses the phantom.
The phantom is heavily damaged.
The phantom hits you but does no damage.
You hit the phantom.
The phantom is severely damaged.
The phantom hits you but does no damage.
You closely miss the phantom.
The phantom is severely damaged.
The phantom hits you.
The phantom blinks!
You blink.
You slash the phantom! Your kick misses the phantom.
The phantom is almost destroyed.
The phantom hits you!
* * * LOW HITPOINT WARNING * * *
The phantom blinks!
You blink.
As you read the scroll of teleportation, it crumbles to dust.
You feel strangely unstable.
The phantom hits you but does no damage.
You hit the jackal. Your kick misses the jackal.
The jackal is severely wounded.
You miss the phantom.
The jackal bites you but does no damage.
The phantom hits you.
* * * LOW HITPOINT WARNING * * *
The jackal barely misses you.
You hit the jackal.
You kill the jackal!
Lugonu accepts your kill.
You hit the phantom. The phantom hits you.
You die...

#.....#
#.....#..# #
#.....#..#
#.#.....#..#
#.#.....#..#
#.'.....#..#
#.######.....#..#
#.........†..†..#
############W@..#
######


You could see a phantom.

Vanquished Creatures
  4 gnolls
  3 adders (D:2)
  A worm (D:2)
  2 dart slugs
  3 endoplasms
  2 giant cockroaches (D:1)
  3 goblins
  9 hobgoblins
  5 jackals
  4 quokkas
  6 ball pythons
  4 bats
  3 frilled lizards (D:1)
  2 kobolds (D:2)
  5 rats
56 creatures vanquished.

Vanquished Creatures (others)
  3 plants (D:2)
3 creatures vanquished.

Grand Total: 59 creatures vanquished

Notes
Turn   | Place    | Note
-------+----------+-------------------------------------------
     0 | Abyss:1  | zezblit the Demonspawn Abyssal Knight began the quest for
                  | the Orb.
     0 | Abyss:1  | Reached XP level 1. HP: 18/18 MP: 2/2
    41 | Abyss:1  | Noticed a fire bat
    42 | D:1      | Escaped the Abyss
   174 | D:1      | Reached skill level 1 in Dodging
   239 | D:2      | Reached * piety under Lugonu
   601 | D:1      | Gained mutation: You may rarely emit foul miasma when
                  | damaged in melee. [demonic ancestry]
   601 | D:1      | Reached XP level 2. HP: 24/24 MP: 4/4
   811 | D:1      | You fall into a shaft and drop 1 floor!
  1184 | D:1      | Gained mutation: You have large cloven feet. [demonic
                  | ancestry]
  1184 | D:1      | Reached XP level 3. HP: 14/29 MP: 5/5
  1712 | D:2      | Reached ** piety under Lugonu
  2208 | D:2      | Gained mutation: You regenerate magic rapidly. [demonic
                  | ancestry]
  2208 | D:2      | Reached XP level 4. HP: 30/35 MP: 6/6
  2482 | D:2      | Found a faded altar of an unknown god.
  3194 | D:3      | Noticed a phantom
  3242 | D:3      | Slain by a phantom

Illustrated notes

Levels and vault maps discovered:
D:1:      lightli_arrival_boilingwater, layout_loops_ring
D:2:      minmay_skewed_foursquare, layout_basic,
          shapermc_ecumenical_altar_mp_highgroup,
          hangedman_decor_clover_reticule, chequers_serial_rivers_large_a,
          serial_bayou_pond_d, hex_tiny, minmay_bisected
D:3:      layout_basic, gammafunk_temple_overflow_elements,
          nicolae_uskayaw_murder_on_the_dancefloor

Skill      XL: |  1  2  3 |
---------------+----------+-----
Dodging        | 1 |  1.0
Axes           | 2 3 |  3.6
Armour         | 2 |  2.2
Fighting       | |  3.4
Stealth        | |  0.7
Invocations    | |  2.9

Action                   |  1- 3 |  4- 6 || total
-------------------------+-------+-------++-------
Melee: Hand axe          |   107 |    59 ||   166
       Kick              |     6 |     9 ||    15
Invok: Depart the Abyss  |     1 |       ||     1
  Use: Scroll            |       |     5 ||     5
Armor: Leather armour    |     9 |       ||     9
       Plate armour      |    91 |    54 ||   145
Dodge: Dodged            |    36 |    14 ||    50

Table legend: (Time is in decaauts)
 A = Elapsed time spent in this place.
 B = Non-inter-level travel time spent in this place.
 C = Inter-level travel time spent in this place.
 D = Time resting spent in this place.
 E = Time spent auto-exploring this place.
 F = Levels seen in this place.
 G = Mean time per level.
                   A        B        C        D        E       F      G
               +--------+--------+--------+--------+--------+-----+--------+
         Total |   3287 |   3237 |     50 |   1185 |   1452 |   4 |  821.8 |
       Dungeon |   3245 |   3195 |     50 |   1185 |   1421 |   3 | 1081.7 |
         Abyss |     42 |     42 |      0 |      0 |     31 |   1 |   42.0 |
               +--------+--------+--------+--------+--------+-----+--------+

Top non-repeatable levels by time:
     D:2: 2074 daAuts
     D:1: 1103 daAuts
     D:3: 68 daAuts
 Abyss:1: 42 daAuts
